 Dungeon Crawl Stone Soup version 0.28.0-53-g5a82cb258f (webtiles) character file.

Game seed: 7304999222369603894

4554 doricub5 the Fighter (level 10, -7/101 HPs)
             Began as a Minotaur Fighter on July 23, 2022.
             Was an Elder of Okawaru.
             Killed by mirror damage (8 damage)
             ... on level 7 of the Dungeon.
             The game lasted 00:31:16 (7475 turns).

doricub5 the Fighter (Minotaur Fighter)             Turns: 7475, Time: 00:31:17

Health: -7/101     AC: 19    Str: 25    XL:     10   Next: 17%
Magic:  13/13      EV:  7    Int:  5    God:    Okawaru [****..]
Gold:   387        SH:  4    Dex: 10    Spells: 9/9 levels left

rFire   + . .      SeeInvis .   u - +4 spear
rCold   . . .      Faith    .   c - +0 buckler
rNeg    . . .      Spirit   .   h - +2 plate armour
rPois   .          Reflect  .   (helmet restricted)
rElec   .          Harm     .   b - scarf {+Inv}
rCorr   .          Rampage  .   i - +2 pair of gloves
Will    .....                   (no boots)
Stlth   ..........              (no amulet)
HPRegen 0.26/turn               D - ring of protection from fire
MPRegen 0.13/turn               (no ring)

@: mighty
A: horns 2, retaliatory headbutt
a: Renounce Religion, Evoke Invisibility, Heroism, Finesse


You were on level 7 of the Dungeon.
You worshipped Okawaru.
Okawaru was greatly pleased with you.
You visited 2 branches of the dungeon, and saw 9 of its levels.
You also visited: Sewer.

You collected 387 gold pieces.

Inventory:

Hand Weapons
 p - a +4 dagger of holy wrath
 s - a +2 whip of freezing
 u - a +4 spear (weapon)
Missiles
 H - 2 silver javelins (quivered)
Armour
 b - a scarf of invisibility (worn)
 c - a +0 buckler (worn)
 h - a +2 plate armour (worn)
 i - a +2 pair of gloves (worn)
 F - +0 steam dragon scales
 G - a +2 robe of willpower
Jewellery
 D - a ring of protection from fire (left hand)
Wands
 l - a wand of paralysis (7)
Scrolls
 e - 3 scrolls of magic mapping
 g - 2 scrolls of vulnerability {unknown}
 k - 3 scrolls of immolation {unknown}
 m - a scroll of fear {unknown}
 n - a scroll of enchant weapon {unknown}
 q - a scroll of brand weapon {unknown}
 r - 2 scrolls of teleportation {unknown}
 w - a scroll of blinking {unknown}
 y - a scroll of fog {unknown}
Potions
 d - a potion of might
 f - 2 potions of curing
 o - 3 potions of lignification
 t - a potion of resistance {unknown}
 v - a potion of magic {unknown}
 x - a potion of degeneration {unknown}
 z - a potion of ambrosia {unknown}
 C - a potion of heal wounds {unknown}


   Skills:
 * Level 13.0 Fighting
 - Level 2.4 Long Blades
 + Level 3.7 Polearms
 + Level 2.9 Throwing
 + Level 9.7 Armour
 - Level 3.6 Shields
 + Level 5.4 Invocations


You had 9 spell levels left.
You didn't know any spells.
Your spell library contained the following spells:

 Spells                   Type           Power      Damage    Failure   Level
 Ensorcelled Hibernation  Hex/Ice        0%         N/A       100%        2
 Spider Form              Tmut/Pois      0%         N/A       100%        3
 Anguish                  Hex/Necr       0%         N/A       100%        4


Dungeon Overview and Level Annotations

Branches:
Dungeon (8/15)             Temple (1/1) D:4           Sewer (visited)
   Lair: D:8-11

Altars:
Ashenzari
Cheibriados
Dithmenos
Elyvilon
Fedhas
Hepliaklqana
Kikubaaqudgha
Nemelex Xobeh
Okawaru
Ru
Sif Muna
Uskayaw
Vehumet
Xom
Yredelemnul
Zin
The Shining One


Innate Abilities, Weirdness & Mutations

You have a pair of horns on your head.
You reflexively headbutt those who attack you in melee.


Message History

The death knight hits you with a +0 glaive.
You hit the death knight. You headbutt the death knight!
The death knight is lightly wounded.
The death knight hits you with a +0 glaive!
You hit the death knight but do no damage.
You headbutt the death knight, but do no damage.
The death knight is lightly wounded.
The death knight hits you with a +0 glaive!
You puncture the death knight! You headbutt the death knight!
The death knight is heavily wounded.
The death knight hits you with a +0 glaive!!
* * * LOW HITPOINT WARNING * * *
You hit the death knight but do no damage.
You headbutt the death knight.
The death knight is heavily wounded.
The death knight barely misses you. You furiously retaliate!
You headbutt the death knight, but do no damage.
The death knight barely misses you.
You climb upwards.
There is a stone staircase leading down here.
You feel better. The death knight completely misses you.
You feel very mighty all of a sudden.
The death knight hits you with a +0 glaive!
* * * LOW HITPOINT WARNING * * *
You puncture the death knight!
The death knight is heavily wounded.
The death knight hits you but does no damage.
You barely miss the death knight.
The death knight is heavily wounded.
The death knight hits you with a +0 glaive!
* * * LOW HITPOINT WARNING * * *
You puncture the death knight!
The death knight is severely wounded.
The death knight offers itself to Yredelemnul, and fills with unholy energy.
Unknown command.
Okay, then.
You puncture the death knight!
The death knight is severely wounded.
The death knight reflects your damage back at you!
You die...

#.# #..# #.###[#.#
###.###
###.###.##..#.#
#.....#
#.....#.##.##.#
#.#.#.#
#.....#.......#
#.#.#.#
#.....#.......#
#.#.#.#
#.....##.#.##.#
#.#.#.#
#.....##.#..#.#
#.#.#.#
########.##.#.#
#.....# #@p....#
###.### ####.###
###.###############.#
#...........##......#
#.#.#..####.##.######
#.#.#.<####.##.#
#.#......##.##.#
#.###..#.......#
#.###..####.####


You could see a death knight (reflects damage).

Vanquished Creatures
  Pikel (D:8)
  Maggie (D:7)
  The ghost of turdburglar the Insei, a novice DsTm of Lugonu (D:6)
  Grinder (D:3)
  Sigmund (D:6)
  The ghost of fuccboisucc420 the Cudgeller, an amateur TrBe of Trog (D:4)
  A steam dragon (D:8)
  3 water moccasins
  3 ice beasts
  2 orc warriors
  A necrophage (D:7)
  3 centaurs
  A phantom (D:5)
  2 lemures (D:8)
  A kobold brigand (D:8)
  A bullfrog (D:5)
  2 scorpions
  2 water moccasin zombies
  A water moccasin skeleton (D:6)
  3 killer bees (D:7)
  2 wights
  5 howler monkeys
  2 bullfrog zombies
  An orc priest (D:7)
  3 jellies
  3 bullfrog skeletons
  4 hounds
  6 iguanas
  Jessica (D:3)
  2 centaur skeletons
  Terence (D:3)
  3 orc wizards
  A killer bee zombie (D:6)
  A hound zombie (D:3)
  A hound skeleton (D:4)
  A gnoll (D:1)
  A howler monkey skeleton (D:6)
  4 adders
  A white imp (D:8)
  3 worms
  A dart slug (D:1)
  15 orcs
  7 endoplasms
  4 giant cockroaches
  6 goblins
  7 hobgoblins
  A jackal (D:4)
  3 quokkas
  10 ball pythons
  6 bats
  8 frilled lizards
  8 kobolds
  3 rats
157 creatures vanquished.

Notes
Turn   | Place    | Note
-------+----------+-------------------------------------------
     0 | D:1      | doricub5 the Minotaur Fighter began the quest for the Orb.
     0 | D:1      | Reached XP level 1. HP: 19/19 MP: 0/0
   170 | D:1      | Reached skill level 4 in Fighting
   189 | D:1      | Reached XP level 2. HP: 23/27 MP: 1/1
   493 | D:1      | Reached XP level 3. HP: 34/34 MP: 2/2
   872 | D:1      | Reached skill level 5 in Fighting
  1398 | D:2      | Found a faded altar of an unknown god.
  1513 | D:2      | Reached XP level 4. HP: 42/42 MP: 3/3
  1514 | D:2      | You fall into a shaft and drop 2 floors!
  1549 | D:4      | Noticed fuccboisucc420's ghost (amateur TrBe)
  1560 | D:4      | Reached skill level 6 in Fighting
  1560 | D:4      | Reached XP level 5. HP: 47/50 MP: 4/4
  1634 | D:4      | Reached skill level 5 in Armour
  1637 | D:4      | Found a glowing drain.
  1668 | Sewer    | Entered a sewer
  1824 | Sewer    | Noticed a water moccasin
  1829 | Sewer    | Killed a water moccasin
  1830 | Sewer    | Reached skill level 7 in Fighting
  1830 | Sewer    | Reached XP level 6. HP: 60/60 MP: 5/5
  1918 | D:3      | Noticed Jessica
  1922 | D:3      | Killed Jessica
  1923 | D:3      | Noticed Grinder
  1936 | D:3      | Killed Grinder
  1937 | D:3      | Reached skill level 8 in Fighting
  1937 | D:3      | Reached XP level 7. HP: 23/68 MP: 6/6
  2033 | D:3      | Noticed Terence
  2039 | D:3      | Killed Terence
  2993 | D:4      | Found a sacrificial altar of Ru.
  3041 | D:4      | Found a staircase to the Ecumenical Temple.
  3050 | Temple   | Entered the Ecumenical Temple
  3285 | Temple   | Became a worshipper of Warmaster Okawaru
  3482 | D:4      | Found a transporter.
  3532 | D:4      | Found a transporter.
  3703 | D:5      | Entered Level 5 of the Dungeon
  3720 | D:5      | Reached skill level 9 in Fighting
  3871 | D:5      | Reached skill level 1 in Invocations
  3970 | D:5      | Reached XP level 8. HP: 78/78 MP: 8/8
  3980 | D:5      | Reached * piety under Okawaru
  4355 | D:4      | Reached skill level 10 in Fighting
  4360 | D:4      | Killed fuccboisucc420's ghost
  4689 | D:6      | Reached skill level 11 in Fighting
  4878 | D:6      | Found a runed translucent door.
  4881 | D:6      | Noticed turdburglar's ghost (novice DsTm)
  4909 | D:6      | Killed turdburglar's ghost
  4909 | D:6      | Reached ** piety under Okawaru
  4910 | D:6      | Reached XP level 9. HP: 78/89 MP: 10/10
  4952 | D:6      | Noticed Sigmund
  4964 | D:6      | Killed Sigmund
  5902 | D:7      | Reached skill level 12 in Fighting
  5902 | D:7      | Reached skill level 1 in Polearms
  5965 | D:7      | Reached skill level 1 in Throwing
  6278 | D:7      | Reached *** piety under Okawaru
  6690 | D:7      | Noticed Maggie
  6704 | D:7      | Killed Maggie
  6705 | D:7      | Reached skill level 5 in Invocations
  6941 | D:8      | Reached **** piety under Okawaru
  6946 | D:8      | Noticed Pikel
  6968 | D:8      | Killed Pikel
  6968 | D:8      | Received a gift from Okawaru
  6969 | D:8      | Reached XP level 10. HP: 65/100 MP: 11/13
  6979 | D:8      | Reached skill level 13 in Fighting
  7210 | D:8      | Noticed a death knight
  7473 | D:7      | HP: 1/101 [death knight/+0 glaive (7)]
  7475 | D:7      | Killed by mirror damage

Illustrated notes

Levels and vault maps discovered:
D:1:      scummos_arrival_gate, layout_loops_corners, st_stairs_13
D:2:      layout_loops_cross, shapermc_ecumenical_altar_mp_highgroup,
          minivault_26, serial_park_tiny_pond, hex_medium,
          minmay_misc_feat_four_crosses
D:3:      layout_rooms, chequers_decorated_corner, corexii_hall_statues_x,
          uniq_terence, uniq_jessica, uniq_grinder
D:4:      layout_loops_ring, lemuel_doored_altar,
          minmay_temple_entry_water_ring, portal_sewer_entry_a,
          gammafunk_ghost_arena
D:5:      layout_rooms
D:6:      layout_loops_corners, ebering_ghost_reflecting_pool, uniq_sigmund
D:7:      layout_loops_cross, uniq_maggie
D:8:      cheibrodos_fzero, layout_loops_ring, nzn_wu_jian_council_hall,
          nicolae_shop_firing_range, uniq_pikel
Temple:   mainiacjoe_temple_cubbyholes

Skill      XL: |  1  2  3  4  5  6  7  8  9 10 |
---------------+-------------------------------+-----
Fighting       | 4 5 6 7 8 9 11 12 13 | 13.0
Armour         | 4 5 6 7 8 9 |  9.7
Invocations    | 1 3 5 |  5.4
Polearms       | 3 |  3.7
Throwing       | 2 |  2.9
Long Blades    | |  2.4
Shields        | |  3.6

Action                   |  1- 3 |  4- 6 |  7- 9 | 10-12 || total
-------------------------+-------+-------+-------+-------++-------
Melee: Long sword        |    93 |    51 |   136 |       ||   280
       Headbutt          |    12 |    10 |    82 |     8 ||   112
       Spear             |       |       |   267 |    38 ||   305
Throw: Javelin           |       |     2 |     1 |     2 ||     5
Invok: Heroism           |       |       |     2 |     1 ||     3
Evoke: Wand              |       |       |     1 |       ||     1
  Use: Scroll            |       |       |     7 |       ||     7
       Potion            |       |       |       |     2 ||     2
Armor: Scale mail        |     6 |       |       |       ||     6
       Plate armour      |    36 |    50 |   286 |    23 ||   395
Dodge: Dodged            |    35 |    19 |   102 |    17 ||   173
Block: Buckler           |    26 |     9 |    79 |    10 ||   124
